 Dungeon Crawl Stone Soup version 0.19.1-1-g22dce08 (webtiles) character file.

10834 bombpersons the Quickloader (level 11, -1/99 HPs)
             Began as a Deep Dwarf Wanderer on Dec 31, 2016.
             Was the Champion of Dithmenos.
             Slain by a hippogriff (4 damage)
             ... on level 2 of the Lair of Beasts.
             The game lasted 01:21:56 (9859 turns).

bombpersons the Quickloader (Deep Dwarf Wanderer)   Turns: 9859, Time: 01:21:57

Health: -1/99      AC: 15    Str: 14    XL:     11   Next: 41%
Magic:  0/0        EV: 10    Int: 14    God:    Dithmenos [******]
Gold:   304        SH: 10    Dex: 16    Spells: 0 memorised, 10 levels left

rFire  + . .     SeeInvis +     H - +1 morningstar
rCold  . . .     Gourm    .     t - +3 scale mail
rNeg   . . .     Faith    +     i - +2 shield
rPois  +         Spirit   .     R - +0 helmet
rElec  .         Reflect  .     p - +2 cloak {rPois}
rCorr  .         Harm     .     (no gloves)
MR     +....                    (no boots)
Stlth  +++++.....               k - amulet of faith
                                A - ring of protection from fire
                                S - ring of see invisible

@: about to teleport, non-regenerating, wreathed by umbra
A: damage resistance, recharge devices, sense surroundings 2, slow regeneration
3
a: Device Recharging, Shadow Step, Shadow Form, Renounce Religion


You were on level 2 of the Lair of Beasts.
You worshipped Dithmenos.
Dithmenos was exalted by your worship.
You were not hungry.

You visited 2 branches of the dungeon, and saw 11 of its levels.
You also visited: Sewer.

You collected 499 gold pieces.
You spent 195 gold pieces at shops.

Inventory:

Hand Weapons
 a - a +8 hand crossbow
 j - a +0 shortbow
 m - a +5 blowgun
 x - a +1 flail of holy wrath
 H - a +1 morningstar (weapon)
Missiles
 b - a bolt
 q - 150 arrows
 y - 48 poisoned needles
Armour
 i - a +2 shield (worn)
 p - a +2 cloak of poison resistance (worn)
 t - a +3 scale mail (worn)
 C - a +2 robe of magic resistance
 F - a +0 plate armour
 L - +0 steam dragon scales
 R - a +0 helmet (worn)
Jewellery
 k - an amulet of faith (around neck)
 A - a ring of protection from fire (right hand)
 N - an uncursed ring of protection from cold {unknown}
 S - a ring of see invisible (left hand)
Wands
 e - a wand of paralysis (8/24)
 f - a wand of heal wounds (0/9)
 g - a wand of lightning (5/15)
 z - a wand of polymorph (24/24)
 E - a wand of slowing (30/48)
 G - a wand of paralysis (13/24)
 I - a wand of slowing (11/48)
 K - a wand of slowing (26/48)
 M - a wand of paralysis (15/24)
Scrolls
 c - a scroll of identify
 d - 2 scrolls of teleportation
 r - 3 scrolls of magic mapping
 v - 3 scrolls of remove curse
Potions
 h - a potion of haste
 l - 3 potions of lignification
 n - a potion of cure mutation
 B - 4 potions of flight
 D - a potion of resistance
Books
 O - a book of Debilitation

   Spells                             Type                      Level
   a - Corona                         Hexes                        1
   b - Slow                           Hexes                        2
   c - Gell's Gravitas                Hexes/Translocation          3
   d - Inner Flame                    Hexes/Fire                   3
   e - Cause Fear                     Hexes                        4
   f - Leda's Liquefaction            Hexes/Earth                  4
 P - the Guide on the Supportive Arsonist
   (You found it on level 1 of the Lair of Beasts)

   Spells                             Type                      Level
   a - Ignite Poison                  Fire/Transmutation/Poison    3
   b - Inner Flame                    Hexes/Fire                   3
   c - Summon Ice Beast               Ice/Summoning                4
   d - Shadow Creatures               Summoning                    6
 Q - a book of Changes

   Spells                             Type                      Level
   a - Beastly Appendage              Transmutation                1
   b - Sticks to Snakes               Transmutation                2
   c - Spider Form                    Transmutation/Poison         3
   d - Ice Form                       Ice/Transmutation            4
   e - Blade Hands                    Transmutation                5
Comestibles
 o - a beef jerky
 s - 2 meat rations
 w - 8 fruits
 J - a royal jelly


   Skills:
 + Level 6.5 Fighting
 * Level 8.8 Maces & Flails
 - Level 1.3 Bows
 * Level 10.3 Crossbows
 + Level 7.1 Armour
 + Level 6.8 Dodging
 + Level 8.6 Stealth
 - Level 1.1 Shields


You had 10 spell levels left.
You didn't know any spells.

Dungeon Overview and Level Annotations

Branches:
Dungeon (9/15)             Temple (0/1) D:7            Lair (2/6) D:8
    Orc (0/2) D:9
  Swamp: Lair:2-4    Shoals: Lair:2-4     Snake: Lair:2-4    Spider: Lair:2-4

Altars:
Ashenzari
Dithmenos
Fedhas
Gozag
Kikubaaqudgha
Makhleb
Okawaru
Sif Muna
Trog
Uskayaw
Vehumet
Xom
Zin

Shops:
D:7 *


Innate Abilities, Weirdness & Mutations

You are resistant to damage.
You can recharge devices by infusing magical energy.
You passively map the area around you.
You do not regenerate.


Message History

You completely miss the hippogriff.
The hippogriff is lightly wounded.
The hippogriff bites you. The hippogriff barely misses you.
The hippogriff claws you.
Your shield prevents you from hitting the hippogriff.
The hippogriff is lightly wounded.
You block the hippogriff's attack. x2
The hippogriff claws you but does no damage.
The porcupine barely misses you.
As you read the scroll of teleportation, it crumbles to dust.
You feel strangely unstable. You block the hippogriff's attack. x2
The hippogriff closely misses you. You block the porcupine's attack.
Your shield and scale mail prevent you from hitting the hippogriff.
The hippogriff bites you but does no damage.
The hippogriff pecks you but does no damage.
The hippogriff claws you but does no damage.
You block the porcupine's attack.
The hippogriff bites you but does no damage.
The hippogriff pecks you.
You die...

* ** , .>#.
,* * ,,
###.... ,, *
,, W...... *
, , * , ,
*......., , ,
, ##...#* ,
.. , , #..# *
,,, .. . **,
*#. ##..# ,,,
*..., ,
*#..#Pr## ,,,
#... **
*#...@.# , *
#.. #...H..#
* *.#..
#..#......
,** #... *
#..###......#
#... * #.##
##.>... #..
...* * P...#
, *.#.. ##
,..#.. , #...
, ,,###. *
**.... ,, , ,
....


You could see a hippogriff, a porcupine and Xerox's ghost (wandering).

Vanquished Creatures
  Erica (D:8)
  Joseph (D:8)
  Psyche (D:8)
  A rime drake (Lair:2)
  A queen bee (Lair:2)
  A slime creature (D:8)
  5 hippogriffs (Lair:2)
  6 yaks (Lair:1)
  A wyvern (Lair:2)
  A steam dragon (D:9)
  2 basilisks (Lair:2)
  3 water moccasins (Lair:2)
  Duvessa (D:7)
  4 porcupines (Lair:1)
  3 sky beasts
  An orc warrior (D:7)
  2 ice beasts
  The ghost of Quirk the Skirmisher, an amateur DsFi (D:4)
  7 ogres
  6 wolves
  3 centaurs
  A big kobold (D:9)
  A crocodile (Lair:1)
  10 bullfrogs
  Dowan (D:7)
  A scorpion (D:5)
  23 killer bees
  4 wights (D:6)
  6 crimson imps
  4 quasits
  15 jellies
  4 hounds
  A bullfrog skeleton (D:8)
  An orc priest (D:8)
  6 orc wizards
  3 centaur skeletons (D:8)
  2 worker ants
  Ijyb (D:2)
  An iguana (D:7)
  A killer bee zombie (D:9)
  A howler monkey zombie (D:7)
  10 gnolls
  13 adders
  4 shadow imps
  11 oozes
  An adder zombie (D:8)
  A dart slug (D:1)
  3 leopard geckos
  43 orcs
  6 bats
  5 giant cockroaches
  4 goblins
  4 hobgoblins (D:2)
  8 jackals
  6 quokkas
  4 ball pythons (Sewer)
  11 frilled lizards
  5 kobolds
  A quokka skeleton (D:6)
  3 rats
282 creatures vanquished.

Vanquished Creatures (collateral kills)
  A centaur zombie (D:6)
1 creature vanquished.

Vanquished Creatures (others)
  5 fungi
  A plant (Lair:2)
6 creatures vanquished.

Grand Total: 289 creatures vanquished

Notes
Turn   | Place    | Note
-------+----------+-------------------------------------------
     0 | D:1      | bombpersons the Deep Dwarf Wanderer began the quest for the Orb.
     0 | D:1      | bombpersons set off with: a +2 hand crossbow, 26 bolts, a potion of curing, a scroll of teleportation, a +0 robe, a wand of heal wounds (5/9), a bread ration
     0 | D:1      | Reached XP level 1. HP: 19/19 MP: 1/1
   104 | D:1      | Reached XP level 2. HP: 26/26 MP: 2/2
   650 | D:2      | Found a shadowy altar of Dithmenos.
   682 | D:2      | Became a worshipper of Dithmenos the Shadowed
   811 | D:2      | Reached XP level 3. HP: 25/33 MP: 3/3
   922 | D:2      | Found a burning altar of Makhleb.
   938 | D:2      | Found an iron altar of Okawaru.
  1085 | D:2      | Noticed Ijyb
  1103 | D:2      | Killed Ijyb
  1103 | D:2      | Reached skill level 3 in Crossbows
  1103 | D:2      | Reached XP level 4. HP: 29/40 MP: 4/4
  1282 | D:2      | Found a deep blue altar of Sif Muna.
  1470 | D:2      | Found a hide-covered altar of Uskayaw.
  1615 | D:3      | Reached * piety under Dithmenos
  1678 | D:3      | Found a bloodstained altar of Trog.
  1700 | D:3      | Reached skill level 1 in Dodging
  1877 | D:3      | Reached XP level 5. HP: 37/49 MP: 5/5
  2493 | D:4      | Reached skill level 4 in Crossbows
  2499 | D:4      | Reached ** piety under Dithmenos
  2670 | D:4      | Found a shimmering altar of Xom.
  2684 | D:4      | Reached XP level 6. HP: 49/56 MP: 6/6
  2778 | D:4      | Noticed Quirk's ghost (amateur DsFi)
  2797 | D:4      | Killed Quirk's ghost
  2970 | D:4      | Found a glowing drain.
  2979 | Sewer    | Entered a sewer
  3286 | Sewer    | Reached XP level 7. HP: 34/64 MP: 7/7
  3301 | Sewer    | Reached skill level 1 in Maces & Flails
  3301 | Sewer    | Reached skill level 5 in Crossbows
  3355 | Sewer    | Gained mutation: You have large cloven feet. [potion of beneficial mutation]
  3475 | D:4      | Found a radiant altar of Vehumet.
  3692 | D:5      | Entered Level 5 of the Dungeon
  4008 | D:5      | Found a shattered altar of Ashenzari.
  4008 | D:5      | Found a blossoming altar of Fedhas.
  4166 | D:5      | Reached XP level 8. HP: 44/73 MP: 3/3
  4920 | D:6      | Reached skill level 5 in Stealth
  4940 | D:6      | Reached skill level 6 in Crossbows
  4969 | D:6      | Found a bloodstained altar of Trog.
  5056 | D:6      | Reached *** piety under Dithmenos
  5835 | D:7      | Found a staircase to the Ecumenical Temple.
  5835 | D:7      | Noticed Dowan
  5837 | D:7      | Noticed Duvessa
  5838 | D:7      | Killed Dowan
  5853 | D:7      | Killed Duvessa
  5853 | D:7      | Reached skill level 5 in Fighting
  6011 | D:7      | Found an opulent altar of Gozag.
  6031 | D:7      | Gained mutation: You passively map the area around you. [Deep Dwarf growth]
  6031 | D:7      | Reached XP level 9. HP: 81/81 MP: 4/4
  6037 | D:7      | Reached skill level 7 in Crossbows
  6074 | D:7      | Found Viqoen's Assorted Antiques.
  6084 | D:7      | Bought a glowing blowgun for 195 gold pieces
  6144 | D:7      | Reached skill level 5 in Armour
  6557 | D:7      | Reached skill level 5 in Maces & Flails
  6671 | D:7      | Reached **** piety under Dithmenos
  6776 | D:8      | Noticed Joseph
  6844 | D:8      | Killed Joseph
  6847 | D:8      | Gained mutation: Your magical capacity is low. (-10% MP) [potion of mutation]
  6847 | D:8      | Gained mutation: You are occasionally teleported next to monsters. [potion of mutation]
  6847 | D:8      | Gained mutation: You are partially covered in yellow scales. (AC +2) [potion of mutation]
  6848 | D:8      | Lost mutation: You have large cloven feet. [potion of cure mutation]
  6848 | D:8      | Lost mutation: You are partially covered in yellow scales. (AC +2) [potion of cure mutation]
  6848 | D:8      | Lost mutation: Your magical capacity is low. (-10% MP) [potion of cure mutation]
  6848 | D:8      | Lost mutation: You are occasionally teleported next to monsters. [potion of cure mutation]
  6921 | D:8      | Noticed Erica
  6975 | D:8      | Killed Erica
  6975 | D:8      | Reached skill level 8 in Crossbows
  6975 | D:8      | Reached skill level 5 in Dodging
  7112 | D:8      | Found a staircase to the Lair.
  7305 | D:8      | Reached XP level 10. HP: 79/88 MP: 4/4
  7345 | D:8      | Found a faded altar of an unknown god.
  7345 | D:8      | Found a faded altar of an unknown god.
  7354 | D:8      | Found a faded altar of an unknown god.
  7354 | D:8      | Noticed Psyche
  7358 | D:8      | Found a glowing silver altar of Zin.
  7367 | D:8      | Killed Psyche
  7376 | D:8      | Found an ancient bone altar of Kikubaaqudgha.
  7699 | D:8      | Reached ***** piety under Dithmenos
  7897 | D:9      | Reached skill level 9 in Crossbows
  8419 | D:9      | Found a staircase to the Orcish Mines.
  8556 | Lair:1   | Entered Level 1 of the Lair of Beasts
  8628 | Lair:1   | Identified the Guide on the Supportive Arsonist
  8932 | Lair:1   | Reached XP level 11. HP: 76/97 MP: 2/2
  9629 | Lair:2   | Reached skill level 10 in Crossbows
  9705 | Lair:2   | Reached ****** piety under Dithmenos
  9855 | Lair:2   | HP: 3/99 [hippogriff (5)]
  9859 | Lair:2   | Slain by a hippogriff

Skill      XL: |  1  2  3  4  5  6  7  8  9 10 11 |
---------------+----------------------------------+-----
Fighting       | 2 3 4 5 6 |  6.5
Crossbows      | 3 4 5 6 8 9 10 | 10.3
Stealth        | 2 3 4 5 7 8 |  8.6
Dodging        | 1 2 3 4 5 6 |  6.8
Armour         | 3 4 5 6 7 |  7.1
Maces & Flails | 2 4 6 8 |  8.8
Bows           | |  1.3
Shields        | |  1.1

Action                   |  1- 3 |  4- 6 |  7- 9 | 10-12 || total
-------------------------+-------+-------+-------+-------++-------
Melee: Flail             |       |    76 |   104 |   165 ||   345
       Kick              |       |       |    84 |       ||    84
       Morningstar       |       |       |   214 |   235 ||   449
       Hand crossbow     |       |       |     3 |       ||     3
 Fire: Hand crossbow     |    62 |   150 |   139 |   164 ||   515
 Abil: Device Recharging |       |       |     6 |     5 ||    11
Evoke: Wand              |       |     6 |    21 |    15 ||    42
  Use: Scroll            |     1 |    10 |    16 |    10 ||    37
       Potion            |       |     6 |     8 |     5 ||    19
 Stab: Sleeping          |       |       |     1 |     4 ||     5
       Distracted        |       |       |     1 |       ||     1
  Eat: Bread ration      |       |     2 |     4 |       ||     6
       Beef jerky        |       |       |       |     4 ||     4
Armor: Ring mail         |    17 |       |       |       ||    17
       Robe              |     1 |       |       |       ||     1
       Scale mail        |     5 |   126 |   209 |   339 ||   679
Dodge: Dodged            |    25 |   206 |   192 |   397 ||   820
Block: Shield            |       |       |   232 |   412 ||   644
